[Event "*** Titled Tuesday Blitz"]
[Site "Chess.com"]
[Date "2021.03.30"]
[Round "11"]
[White "Tpros"]
[Black "ajdemipopushi"]
[Result "1-0"]
[WhiteElo "2458"]
[BlackElo "2349"]
[TimeControl "180+1"]
[EndTime "12:07:33 PDT"]
[Termination "Tpros won on time"]

1. c4 c5 2. Nc3 g6 3. g3 Bg7 4. Bg2 Nc6 5. d3 e6 6. e3 Nge7 7. Nge2 O-O 8. O-O d5 9. cxd5 Nxd5 10. a3 Nde7 11. Qc2 b6 12. b3 Ba6 13. Rd1 Rc8 14. Qb1 Qd7 15. b4 cxb4 16. axb4 Bb7 17. d4 Rfd8 18. Bd2 h5 19. h4 Nf5 20. Be1 Ba8 21. Ra2 Qe7 22. Nb5 Nd6 23. Nec3 Nxb5 24.
Nxb5 Kh7 25. Qb3 Rb8 26. Rda1 a5 27. Qc4 Nxb4 28. Bxb4 Qe8 29. Nc7 1-0

[Event "*** Titled Tuesday Blitz"]
[Site "Chess.com"]
[Date "2021.03.30"]
[Round "11"]
[White "ShapkinAnatoliy"]
[Black "Cptn2"]
[Result "1-0"]
[WhiteElo "2657"]
[BlackElo "2519"]
[TimeControl "180+1"]
[EndTime "12:07:39 PDT"]
[Termination "ShapkinAnatoliy won by resignation"]

1. d4 Nf6 2. c4 b6 3. Nc3 Bb7 4. Qc2 d5 5. cxd5 Nxd5 6. e4 Nxc3 7. bxc3 e5 8. Nf3 exd4 9. Bc4 d3 10. Qb3 Qe7 11. Ng5 f6 12. Bf7+ Kd8 13. Ne6+ Kc8 14. Nxf8 Qxe4+ 15. Be3 Rxf8 16. O-O-O Nc6 17. Bd5 Na5 18.
Bxb7+ Kxb7 19. Qb5 Rad8 20. Rhe1 Rfe8 21. Bd2 Qc4 22.
Qxc4 Nxc4 23. Rxe8 Rxe8 24. Bf4 Re2 25. Rxd3 Rxf2 26. Bg3 Rxg2 27. Rd7 a5 28. Rxc7+ Ka6 29. Rxc4 Kb5 30. Rc7 g5 31. Rxh7 f5 32. Rh5 Kc4 33. Rxg5 Kd3 34. Rxf5 Kxc3 35. Rf3+ Kc4 36. Rf2 Rg1+ 37.
Kc2 b5 38. Rf4+ Kc5 39. Bf2+ 1-0

[Event "*** Titled Tuesday Blitz"]
[Site "Chess.com"]
[Date "2021.03.30"]
[Round "11"]
[White "Hikaru"]
[Black "Sam_ChessMood"]
[Result "1-0"]
[WhiteElo "3200"]
[BlackElo "2878"]
[TimeControl "180+1"]
[EndTime "12:07:40 PDT"]
[Termination "Hikaru won by resignation"]

1. e4 e5 2. Nc3 Nf6 3. Bc4 Nxe4 4. Qh5 Nd6 5. Bb3 Be7 6. d4 e4 7. Nxe4 O-O 8. Nxd6 Bxd6 9. Nf3 Qf6 10. O-O Qg6 11. Qh4 Nc6 12. Re1 Nb4 13. Re4 h5 14. a3 Nc6 15. c3 b6 16. d5 Na5 17. Bc2 Ba6 18. h3 c6 19. b4 Nb7 20. c4 cxd5 21. Re2 f5 22. b5 Nc5 23. bxa6 dxc4 24. Qxc4+ 1-0

[Event "*** Titled Tuesday Blitz"]
[Site "Chess.com"]
[Date "2021.03.30"]
[Round "11"]
[White "MasterKroket"]
[Black "Sueetin"]
[Result "0-1"]
[WhiteElo "2509"]
[BlackElo "2442"]
[TimeControl "180+1"]
[EndTime "12:07:40 PDT"]
[Termination "Sueetin won by resignation"]

1. d4 Nf6 2. c4 e6 3. Nf3 d5 4. Nc3 a6 5. cxd5 exd5 6. Bg5 Be6 7. e3 Nbd7 8. Bd3 Bd6 9. O-O c6 10. h3 h6 11. Bh4 Qc7 12. e4 dxe4 13. Nxe4 Nxe4 14.
Bxe4 Nb6 15. Re1 g5 16. Bg3 Bxg3 17. fxg3 O-O-O 18. g4 Nd5 19. Qc2 Nf4 20. Rad1 Kb8 21. b4 Bd5 22. a4 Bxe4 23. Qxe4 Rd5 24. Qe7 Nxh3+ 25. gxh3 Qg3+ 26. Kh1 Qxf3+ 27. Kh2 Qf2+ 28. Kh1 Rhd8 29. Qe4 Rxd4 30. Rxd4 Rxd4 31. Qe5+ Ka8 32. b5 Rd2 33. Qe8+ Ka7 34. Qe3+ Qxe3 35. Rxe3 axb5 36. axb5 cxb5 37. Re7 b4 38. Rxf7 b3 39. Rf1 b2 0-1

[Event "*** Titled Tuesday Blitz"]
[Site "Chess.com"]
[Date "2021.03.30"]
[Round "11"]
[White "Raud100"]
[Black "eldur16"]
[Result "0-1"]
[WhiteElo "2387"]
[BlackElo "2555"]
[TimeControl "180+1"]
[EndTime "12:07:41 PDT"]
[Termination "eldur16 won on time"]

1. d4 Nf6 2. c4 e6 3. Nf3 Bb4+ 4. Nbd2 b6 5. g3 Bb7 6. Bg2 O-O 7. O-O d5 8. Ne5 Bd6 9. Ndf3 Na6 10. Bf4 c5 11. Rc1 dxc4 12. Nxc4 Bxf4 13. gxf4 cxd4 14. Qxd4 Nc5 15. Rfd1 Qxd4 16. Rxd4 Rfd8 17. Rcd1 Rxd4 18. Nxd4 Bxg2 19. Kxg2 Rd8 20. Kf3 h6 21. Rd2 g5 22.
f5 g4+ 23. Kf4 Nfe4 24. Nxe6 Nxd2 25. Nxd8 Nxc4 26. b3 Nd6 27. Kxg4 Nce4 28. Kf4 Nxf2 29. Ke5 Ne8 30. Nc6 a5 31. Ne7+ Kf8 32. Nd5 Ng4+ 33. Kf4 Nxh2 34. Nxb6 Nd6 35. e4 f6 36. e5 fxe5+ 37.
Kxe5 Nf7+ 38. Kf4 Nd8 39. Nc4 Nc6 0-1

[Event "*** Titled Tuesday Blitz"]
[Site "Chess.com"]
[Date "2021.03.30"]
[Round "11"]
[White "lacafi"]
[Black "profofchess"]
[Result "0-1"]
[WhiteElo "2245"]
[BlackElo "2451"]
[TimeControl "180+1"]
[EndTime "12:07:42 PDT"]
[Termination "profofchess won by resignation"]

1. d4 Nf6 2. Nf3 e6 3. e3 c5 4. Bd3 b6 5. Nbd2 Bb7 6. Qe2 Be7 7. O-O O-O 8. c3 cxd4 9. exd4 d6 10. Re1 Nbd7 11. Ng5 Re8 12. Ndf3 Nf8 13. Bb5 N6d7 14. Ba4 h6 15. Ne4 Ng6 16. h4 d5 17. Ng3 Bxh4 18.
Nxh4 Nxh4 19. Qh5 Ng6 20. Bxh6 Nf6 21. Qh3 gxh6 22. Qxh6 Re7 23. Bc2 Qf8 24. Qg5 Qg7 25. Re3 Nh7 26. Qh4 Nxh4 0-1

[Event "*** Titled Tuesday Blitz"]
[Site "Chess.com"]
[Date "2021.03.30"]
[Round "11"]
[White "djano"]
[Black "Bhagya_2312"]
[Result "1-0"]
[WhiteElo "2445"]
[BlackElo "2197"]
[TimeControl "180+1"]
[EndTime "12:07:42 PDT"]
[Termination "djano won by resignation"]

1. e4 c6 2. d4 d5 3. exd5 cxd5 4. Bd3 Nc6 5. c3 Nf6 6. Bf4 Bg4 7. Qb3 Qd7 8. Nd2 e6 9. Ngf3 Bd6 10. Bxd6 Qxd6 11. O-O O-O 12. Rae1 Bxf3 13. Nxf3 Rab8 14. Ne5 b5 15. Qc2 Rfc8 16. Qe2 b4 17. f4 bxc3 18.
bxc3 Ne7 19. Rc1 Qa3 20. Qe1 Rb2 21. Bb1 Nf5 22. Nd3 Rbb8 23. Nc5 Re8 24. Rf3 Rb2 25. Rh3 g6 26. Rc2 Rxc2 27. Bxc2 Qb2 28. Bb3 a5 29.
Rd3 Nd6 30. Qd2 Nde4 31. Qxb2 1-0

[Event "*** Titled Tuesday Blitz"]
[Site "Chess.com"]
[Date "2021.03.30"]
[Round "11"]
[White "attack2mateU"]
[Black "Nesty_Javi_Chess"]
[Result "0-1"]
[WhiteElo "2726"]
[BlackElo "2633"]
[TimeControl "180+1"]
[EndTime "12:07:43 PDT"]
[Termination "Nesty_Javi_Chess won on time"]

1. e4 e5 2. Nf3 Nc6 3. Bc4 g6 4. O-O Bg7 5. c3 Nge7 6. d4 exd4 7. cxd4 O-O 8. Nc3 d6 9. h3 h6 10.
Bb3 Kh7 11. Re1 f5 12. e5 d5 13. h4 Be6 14. Ne2 Qd7 15. Nf4 Nd8 16. Bd2 Bg8 17.
Bb4 Ne6 18. Bxe7 Nxf4 19. Bxf8 Rxf8 20. Qd2 Ne6 21. Qa5 c6 22. Qxa7 g5 23. hxg5 hxg5 24. a4 Qe7 25. Bc2 Kh8 26. a5 g4 27. Nh2 Qh4 28.
Ra3 Rf7 29. Qb6 Bf8 30. Rg3 Rh7 31. Kf1 Nf4 32. Rxg4 fxg4 33. Bxh7 Qxh2 0-1

[Event "*** Titled Tuesday Blitz"]
[Site "Chess.com"]
[Date "2021.03.30"]
[Round "11"]
[White "Blitzking642"]
[Black "Srisshhhtea"]
[Result "1-0"]
[WhiteElo "2443"]
[BlackElo "2347"]
[TimeControl "180+1"]
[EndTime "12:07:43 PDT"]
[Termination "Blitzking642 won by resignation"]

1. e4 e6 2. d4 d5 3. Nd2 Nc6 4. Ngf3 Nf6 5. e5 Nd7 6. Bd3 Nb4 7. Be2 c5 8. c3 Nc6 9. O-O cxd4 10. cxd4 Qb6 11. Nb1 Be7 12. Nc3 h6 13. Be3 O-O 14.
Qd2 f5 15. exf6 Nxf6 16. Ne5 Bd6 17. f4 Qd8 18. Bd3 Bd7 19. Rae1 Be8 20. Bb1 Ne7 21. Qd3 Bxe5 22. fxe5 Bg6 23. Qd2 Ng4 24. Bf4 Bxb1 25. Rxb1 h5 26. h3 Nh6 27. Bxh6 gxh6 28. Qxh6 Nf5 29.
Qxe6+ Kg7 30. Rxf5 1-0

[Event "*** Titled Tuesday Blitz"]
[Site "Chess.com"]
[Date "2021.03.30"]
[Round "11"]
[White "Horizonevent"]
[Black "Nikolaj_6"]
[Result "1/2-1/2"]
[WhiteElo "2538"]
[BlackElo "2652"]
[TimeControl "180+1"]
[EndTime "12:07:44 PDT"]
[Termination "Game drawn by agreement"]

1. d4 Nf6 2. c4 e6 3. Nc3 Bb4 4. e3 b6 5. Ne2 Bb7 6. a3 Be7 7. Ng3 d5 8. cxd5 Nxd5 9. Nxd5 Bxd5 10. e4 Bb7 11. Be3 Nd7 12. Be2 c5 13. O-O O-O 14. e5 cxd4 15. Bxd4 Bc5 16. Bc3 Rc8 17. Bf3 Bxf3 18.
Qxf3 Qc7 19. Rfe1 Be7 20. Rad1 Nc5 21. Qg4 g6 22. h4 Rfd8 23. h5 Rxd1 24. Rxd1 Rd8 25.
hxg6 hxg6 26. Rxd8+ Qxd8 27. Ne4 Nxe4 28. Qxe4 Qd1+ 29.
Kh2 Qh5+ 30. Kg1 1/2-1/2

[Event "*** Titled Tuesday Blitz"]
[Site "Chess.com"]
[Date "2021.03.30"]
[Round "11"]
[White "sergeikim"]
[Black "Piotrek1979"]
[Result "1-0"]
[WhiteElo "2516"]
[BlackElo "2350"]
[TimeControl "180+1"]
[EndTime "12:07:44 PDT"]
[Termination "sergeikim won by resignation"]

1. d4 d5 2. c4 e6 3. Nc3 Nf6 4. Nf3 c6 5. e3 Nbd7 6. Bd3 dxc4 7. Bxc4 b5 8. Bb3 a6 9. O-O Bb7 10. Qe2 c5 11. Rd1 Qb6 12. a4 c4 13. a5 Qc7 14.
Bc2 b4 15. Na4 b3 16. Bb1 Be7 17. Nc3 O-O 18. e4 e5 19. Bg5 exd4 20. Rxd4 Rac8 21.
e5 Bxf3 22. Qxf3 Qxe5 23. Be3 Bc5 24. Rd1 Bxe3 25. fxe3 Nc5 26. Bf5 Rcd8 27. Rf1 Rd2 28.
Nd1 Rfd8 29. Rc1 Nce4 30. Rxc4 g6 31. Bxe4 Rxd1 32. Rxd1 Rxd1+ 33. Qxd1 Nxe4 34. Qd8+ Kg7 35. Qd4 Kf6 36. Rc6+ Kf5 37. g4+ 1-0

[Event "*** Titled Tuesday Blitz"]
[Site "Chess.com"]
[Date "2021.03.30"]
[Round "11"]
[White "Taktikmonster"]
[Black "Savva09022009"]
[Result "0-1"]
[WhiteElo "2398"]
[BlackElo "2607"]
[TimeControl "180+1"]
[EndTime "12:07:46 PDT"]
[Termination "Savva09022009 won by resignation"]

1. e4 c5 2. Nf3 d6 3. d4 cxd4 4. Nxd4 Nf6 5. Nc3 Nc6 6. Bg5 e6 7. Qd2 h6 8. Be3 Ng4 9. Nxc6 bxc6 10. Bc4 Nxe3 11. Qxe3 Qb6 12. Qxb6 axb6 13. a4 b5 14. Bd3 b4 15. Ne2 g6 16. c3 bxc3 17. bxc3 Bg7 18. Kd2 Ba6 19. Bxa6 Rxa6 20. Rhb1 O-O 21. Nd4 Rfa8 22.
Nc2 Rxa4 23. Rxa4 Rxa4 24. Kd3 d5 25. exd5 cxd5 26. Rb4 Ra2 27. Rb8+ Kh7 28. Rb7 Kg8 29. Rb8+ Bf8 30. h4 h5 31. f3 Kg7 32. g4 Be7 33. g5 Ra4 34. Nd4 Bc5 35. Rb7 Bxd4 36. cxd4 Ra1 37.
Ke3 Rh1 38. Kf4 Rxh4+ 39. Ke5 Rh1 40. Kd6 Rf1 41. Ke7 h4 42. Ke8 Rxf3 43. Rb2 h3 44.
Rh2 e5 45. dxe5 d4 46. Ke7 d3 47. e6 Re3 48. Kd6 Rxe6+ 49. Kd5 Re8 50. Rd2 h2 51.
Rxh2 d2 52. Rxd2 Rd8+ 53. Ke5 Rxd2 54. Kf4 Rf2+ 0-1

[Event "*** Titled Tuesday Blitz"]
[Site "Chess.com"]
[Date "2021.03.30"]
[Round "11"]
[White "HanSchut"]
[Black "Pikachess999"]
[Result "0-1"]
[WhiteElo "2253"]
[BlackElo "2364"]
[TimeControl "180+1"]
[EndTime "12:07:46 PDT"]
[Termination "Pikachess999 won on time"]

1. e4 e6 2. d4 d5 3. Nc3 Nf6 4.
e5 Nfd7 5. f4 c5 6. Nf3 Nc6 7.
Be3 a6 8. Qd2 b5 9. Ne2 b4 10.
c3 bxc3 11. bxc3 Rb8 12. g3 Be7 13. Bh3 O-O 14. O-O Qa5 15. f5 exf5 16. Bxf5 Nb6 17. Bxc8 Rfxc8 18. Ng5 Nc4 19. Qd3 Bxg5 20. Bxg5 cxd4 21.
cxd4 Qc7 22. Qf3 Qd7 23. Rf2 Rf8 24. Raf1 Rb2 25. Nf4 Nxd4 26. Qxd5 Qxd5 27. Nxd5 Rxf2 28. Rxf2 Nxe5 29. Be7 Re8 30. Bd6 Nef3+ 31. Kg2 Ng5 32. Ne7+ Kh8 33. Bc5 Ne4 34. Rxf7 Nxc5 0-1

[Event "*** Titled Tuesday Blitz"]
[Site "Chess.com"]
[Date "2021.03.30"]
[Round "11"]
[White "Cambek64"]
[Black "Bathory44"]
[Result "1/2-1/2"]
[WhiteElo "2486"]
[BlackElo "2644"]
[TimeControl "180+1"]
[EndTime "12:07:48 PDT"]
[Termination "Game drawn by repetition"]

1. e4 c5 2. Nc3 d6 3. d3 Nc6 4. Be3 g6 5. d4 cxd4 6. Bxd4 Nxd4 7. Qxd4 Nf6 8. e5 dxe5 9. Bb5+ Bd7 10. Qxe5 a6 11.
Bxd7+ Qxd7 12. Rd1 Qf5 13. Qxf5 gxf5 14. Nd5 Nxd5 15.
Rxd5 e6 16. Rd3 Rg8 17. g3 Bg7 18. c3 Ke7 19. Ke2 Rgd8 20. Nf3 Rxd3 21. Kxd3 Bf6 22. Re1 Rd8+ 23. Kc2 h5 24. h4 Rg8 25. Nd4 Bxd4 26. cxd4 Kd6 27. Kd3 Rg4 28. Re3 f6 29. Rf3 Kd5 30. Rf4 a5 31. b3 b5 32. Rxg4 fxg4 33.
Ke3 e5 34. dxe5 fxe5 35. Kd3 b4 36. Ke3 e4 37. Ke2 Kd4 38. Kd2 Kd5 39. Ke3 Ke5 40. Ke2 Kd5 41. Ke3 Ke5 42. Ke2 Kd5 43. Ke3 1/2-1/2

[Event "*** Titled Tuesday Blitz"]
[Site "Chess.com"]
[Date "2021.03.30"]
[Round "11"]
[White "Chopper1905"]
[Black "Supernotar"]
[Result "0-1"]
[WhiteElo "2910"]
[BlackElo "2731"]
[TimeControl "180+1"]
[EndTime "12:07:50 PDT"]
[Termination "Supernotar won by resignation"]

1. d4 d5 2. Bf4 Nf6 3. e3 e6 4.
Nd2 c5 5. c3 Bd6 6. Bb5+ Nc6 7.
Qa4 O-O 8. Bxc6 bxc6 9. Bxd6 Qxd6 10. Qa3 Nd7 11. Nb3 e5 12. Nxc5 Nxc5 13. Qxc5 Qg6 14.
Ne2 Qxg2 15. Rg1 Qxh2 16. Qxc6 Be6 17. Qc7 Rab8 18. O-O-O Qxf2 19. Qxe5 g6 20. Rd2 Rfc8 21. Rh1 Bf5 22. Qh2 Qxe3 23. Qxh7+ Kf8 24. Qh8+ Ke7 25.
Qh4+ g5 26. Qe1 Be4 27. Rf1 Rxc3+ 28. Nxc3 Qxc3+ 29. Kd1 Rxb2 30. Rxf7+ Kxf7 31. Rf2+ Bf3+ 0-1

[Event "*** Titled Tuesday Blitz"]
[Site "Chess.com"]
[Date "2021.03.30"]
[Round "11"]
[White "Sadykov_Ramil"]
[Black "RaphCamora"]
[Result "0-1"]
[WhiteElo "2593"]
[BlackElo "2434"]
[TimeControl "180+1"]
[EndTime "12:07:50 PDT"]
[Termination "RaphCamora won by resignation"]

1. e4 c5 2. Nf3 Nc6 3. Bb5 g6 4. Bxc6 dxc6 5. d3 Bg7 6. h3 Nh6 7. Nc3 f6 8. Be3 b6 9. Qd2 Nf7 10. Nh2 e5 11. f4 O-O 12. O-O f5 13. exf5 Bxf5 14. g4 exf4 15. Bxf4 Bd7 16. Nf3 Qf6 17. Ne4 Qxb2 18. Rab1 Qxa2 19. Nfg5 Nxg5 20. Bxg5 Qd5 21.
Bf6 Bxf6 22. Nxf6+ Rxf6 23. Rxf6 Qd4+ 24. Qf2 Qxf2+ 25. Kxf2 Rf8 26. Rxf8+ Kxf8 27. Ke3 Ke7 28. Kf4 h6 29. h4 Kf6 30. g5+ hxg5+ 31. hxg5+ Ke6 32.
Re1+ Kd6 33. Rh1 a5 34. Rh8 a4 35. Ra8 b5 36. Ra7 Be6 37. c4 Bf5 38. Ra6 Bxd3 39. cxb5 Bxb5 40. Ra7 Kd5 41. Rg7 Bd3 42. Rd7+ Kc4 43.
Ra7 Kb3 44. Ke5 a3 45. Rb7+ Bb5 46. Kd6 c4 47. Ke5 a2 48. Ra7 Ba4 49. Kf6 a1=Q+ 50.
Kxg6 Qd4 0-1

[Event "*** Titled Tuesday Blitz"]
[Site "Chess.com"]
[Date "2021.03.30"]
[Round "11"]
[White "Ze-Pequeno"]
[Black "AniJak"]
[Result "1-0"]
[WhiteElo "2229"]
[BlackElo "2285"]
[TimeControl "180+1"]
[EndTime "12:07:50 PDT"]
[Termination "Ze-Pequeno won by resignation"]

1. e4 c5 2. Nf3 e6 3. d4 cxd4 4. Nxd4 a6 5. Bd3 Bc5 6. Nb3 Be7 7. Qg4 g6 8. Qe2 d6 9. O-O Nd7 10. Na3 b5 11. Bd2 Rb8 12. Ba5 Nb6 13. c4 b4 14. c5 bxa3 15. cxb6 Bb7 16. Rac1 Nf6 17. bxa3 O-O 18. Rc7 d5 19. e5 Ne4 20. Rd1 Qe8 21. Bxe4 dxe4 22. Rdd7 Bxa3 23. Rxb7 Rxb7 24. Rxb7 Qc6 25.
Rc7 Qd5 26. b7 e3 27. fxe3 Qxe5 28. Rc8 Bd6 29. g3 Kg7 30. Bc3 1-0

[Event "*** Titled Tuesday Blitz"]
[Site "Chess.com"]
[Date "2021.03.30"]
[Round "11"]
[White "jaskol95"]
[Black "Nachsueb"]
[Result "1-0"]
[WhiteElo "2417"]
[BlackElo "2187"]
[TimeControl "180+1"]
[EndTime "12:07:51 PDT"]
[Termination "jaskol95 won by resignation"]

1. d4 Nf6 2. Bf4 d5 3. e3 c5 4. c3 Nc6 5. Nd2 Bf5 6. Ngf3 Qb6 7. Qb3 c4 8. Qxb6 axb6 9. Nh4 Bd7 10. e4 e6 11. e5 Nh5 12. Bg3 b5 13. Be2 Nxg3 14. hxg3 b4 15. f4 bxc3 16. bxc3 Ra3 17. Nb1 Ra8 18. g4 Be7 19. Bf3 b5 20. f5 b4 21.
fxe6 fxe6 22. Ng6 Rg8 23. Nxe7 Kxe7 24. cxb4 Nxd4 25. Bd1 h6 26. Nc3 Nc6 27. b5 Nxe5 28. a4 d4 29. Ne2 Nd3+ 30. Kd2 e5 31. Bc2 Nf2 32. Rhf1 Nxg4 33. Be4 Rab8 34. Bd5 Rgf8 35. Bxc4 Rxf1 36. Rxf1 Ne3 37. Rf7+ Kd6 38. Bb3 g5 39. Ng3 Nxg2 40. Ne4+ Kc7 41. Be6 Rd8 42. Nf6 Kd6 43. Bxd7 Nf4 44. Ne4+ Kd5 45. Bc6+ Ke6 46. Rf6+ Ke7 47. Rxh6 Ra8 48. Bxa8 1-0

[Event "*** Titled Tuesday Blitz"]
[Site "Chess.com"]
[Date "2021.03.30"]
[Round "11"]
[White "DanielTitichoca"]
[Black "davigator"]
[Result "1-0"]
[WhiteElo "2302"]
[BlackElo "2398"]
[TimeControl "180+1"]
[EndTime "12:07:53 PDT"]
[Termination "DanielTitichoca won by resignation"]

1. e4 c5 2. Nf3 Nc6 3. Bb5 g6 4. Bxc6 bxc6 5. O-O Bg7 6. Nc3 Nf6 7. d3 O-O 8. h3 d6 9. Be3 e5 10. Qd2 Re8 11.
Bh6 Bh8 12. Nh2 Nh5 13. Ne2 Rb8 14. b3 f6 15. g4 Ng7 16. f4 Ne6 17. f5 Nd4 18.
Ng3 Nb5 19. g5 Nd4 20. Ng4 gxf5 21. exf5 Rb7 22. gxf6 Bxf6 23. Nh5 Bh4 24. f6 Bxg4 25.
hxg4 Ne6 26. Kh1 Rf7 27. g5 Qd7 28. Qg2 Kh8 29. Bg7+ Kg8 30. g6 Rxg7 31. f7+ Kf8 32. fxe8=Q+ Kxe8 33. Nxg7+ Qxg7 34. Rf7 Qxg6 35. Qxg6 hxg6 36.
Rxa7 Be7 37. a4 g5 38. a5 Bd8 39. a6 Bb6 40. Rb7 1-0

[Event "*** Titled Tuesday Blitz"]
[Site "Chess.com"]
[Date "2021.03.30"]
[Round "11"]
[White "Fortitudine"]
[Black "KroshkaKami"]
[Result "0-1"]
[WhiteElo "2273"]
[BlackElo "2405"]
[TimeControl "180+1"]
[EndTime "12:07:53 PDT"]
[Termination "KroshkaKami won by resignation"]

1. c4 e5 2. g3 d6 3. Bg2 f5 4.
Nc3 Nf6 5. d3 Be7 6. e4 O-O 7.
Nge2 a5 8. O-O fxe4 9. dxe4 Be6 10.
b3 Na6 11. f3 Nc5 12. Be3 Qc8 13. Qd2 b6 14. Rab1 Kh8 15. Nd5 Bd8 16. Nec3 Qd7 17.
Nxf6 Bxf6 18. f4 exf4 19. gxf4 Bh3 20. Nd5 Rae8 21. Bxc5 bxc5 22. Nxf6 Rxf6 23. Rbe1 Rg6 24. Rf2 Qg4 25. f5 Rg5 26. Qe2 Qh4 27. Qf3 Bxg2 28.
Rxg2 Qxe1+ 0-1

[Event "*** Titled Tuesday Blitz"]
[Site "Chess.com"]
[Date "2021.03.30"]
[Round "11"]
[White "sau6on"]
[Black "ChessFunMaker"]
[Result "1-0"]
[WhiteElo "2377"]
[BlackElo "2250"]
[TimeControl "180+1"]
[EndTime "12:07:54 PDT"]
[Termination "sau6on won on time"]

1. e4 e5 2. Nc3 Nf6 3. g3 d5 4. exd5 Nxd5 5. Bg2 Be6 6. Nf3 Nc6 7. O-O Be7 8. Re1 f6 9. d4 Nxc3 10. bxc3 O-O 11.
Qd3 Bg4 12. Rb1 Rb8 13. dxe5 Qxd3 14. cxd3 fxe5 15. Nxe5 Nxe5 16. Rxe5 Bf6 17. Reb5 b6 18. d4 Be2 19. R5b2 Bd3 20. Ra1 c5 21. Be3 Rbd8 22.
Rd1 cxd4 23. Bxd4 Bxd4 24. cxd4 Bc4 25. d5 Kh8 26. a3 1-0

[Event "*** Titled Tuesday Blitz"]
[Site "Chess.com"]
[Date "2021.03.30"]
[Round "11"]
[White "MikeSailer"]
[Black "VladimirBugayev"]
[Result "1-0"]
[WhiteElo "2143"]
[BlackElo "2257"]
[TimeControl "180+1"]
[EndTime "12:07:55 PDT"]
[Termination "MikeSailer won by checkmate"]

1. d4 Nf6 2. Nf3 g6 3. Bf4 Bg7 4. e3 d6 5. Be2 O-O 6. O-O Nh5 7.
Bg5 h6 8. Bh4 g5 9. Nfd2 Nf4 10.
exf4 gxh4 11. c3 c5 12. dxc5 dxc5 13. h3 Qc7 14. Qa4 Bd7 15. Qc4 Be6 16. Qe4 Nd7 17. Nf3 Nf6 18. Qe5 Qb6 19. Nbd2 Rad8 20. Nc4 Qc6 21. f5 Rd5 22. fxe6 Rxe5 23. exf7+ Rxf7 24.
Ncxe5 Qe4 25. Bc4 Kf8 26. Bxf7 Nh7 27. Bg6 Qf4 28. Nd3 Qd6 29. Bxh7 c4 30. Nb4 a5 31.
Rad1 Qb6 32. Nd5 Qxb2 33. Rfe1 Bf6 34. Nxf6 exf6 35. Rd7 Qxc3 36. Bg6 b5 37. Re8# 1-0

[Event "*** Titled Tuesday Blitz"]
[Site "Chess.com"]
[Date "2021.03.30"]
[Round "11"]
[White "muchojogo"]
[Black "Harry_Rakkel"]
[Result "0-1"]
[WhiteElo "2440"]
[BlackElo "2591"]
[TimeControl "180+1"]
[EndTime "12:07:56 PDT"]
[Termination "Harry_Rakkel won by resignation"]

1. d4 Nf6 2. Bf4 c5 3. e3 cxd4 4. exd4 Qb6 5. Nc3 a6 6. Qd2 Qxb2 7. Rb1 Qa3 8. Bc4 b5 9. Bb3 e6 10. Nf3 Bb4 11. Qd3 Bb7 12. O-O O-O 13. Bg5 Bxc3 14.
Bxf6 gxf6 15. Qxc3 Nc6 16. Qe3 Ne7 17. Qf4 Kg7 18.
Nh4 Rac8 19. Rfe1 Ng6 20. Qg3 Qa5 21. d5 Rc3 22. Qg4 Re8 23. dxe6 dxe6 24. Rbd1 Re7 25. Re2 Qc7 26. h3 a5 27. a4 bxa4 28. Bxa4 Rc4 29.
Rd4 Rxd4 30. Qxd4 Bc6 31. Bb3 Rd7 32. Qg4 Rd1+ 0-1

[Event "*** Titled Tuesday Blitz"]
[Site "Chess.com"]
[Date "2021.03.30"]
[Round "11"]
[White "Sweafty"]
[Black "mbojan"]
[Result "1-0"]
[WhiteElo "2594"]
[BlackElo "2662"]
[TimeControl "180+1"]
[EndTime "12:07:57 PDT"]
[Termination "Sweafty won on time"]

1. Nf3 g6 2. c4 Bg7 3. Nc3 d6 4. g3 Nd7 5. Bg2 Ngf6 6. b3 O-O 7. Bb2 e5 8. O-O Re8 9. e3 e4 10. Ne1 h5 11. d3 exd3 12. Nxd3 h4 13. Qd2 Nf8 14.
Nf4 N8h7 15. Ncd5 hxg3 16. hxg3 c6 17. Nxf6+ Bxf6 18. Bxf6 Qxf6 19. Rad1 Rd8 20. Qd4 Bg4 21. Qxf6 Nxf6 22. Rd2 Kf8 23. f3 Be6 24. Rfd1 Ke7 25. Kf2 d5 26. cxd5 Nxd5 27. Nxe6 fxe6 28. Rh1 Rh8 29. Rxh8 Rxh8 30. e4 Nf6 31. f4 e5 32.
Kf3 Ke6 33. Bf1 Rf8 34. Bc4+ Ke7 35. Rh2 Nh5 36. f5 Kf6 37. Rd2 1-0

[Event "*** Titled Tuesday Blitz"]
[Site "Chess.com"]
[Date "2021.03.30"]
[Round "11"]
[White "paulrusan"]
[Black "jamalm2"]
[Result "1-0"]
[WhiteElo "2314"]
[BlackElo "1994"]
[TimeControl "180+1"]
[EndTime "12:07:57 PDT"]
[Termination "paulrusan won on time"]

1. e4 c5 2. b4 cxb4 3. Bb2 d6 4. d4 Nc6 5. d5 Ne5 6. f4 Ng6 7. f5 Ne5 8. Nf3 Nxf3+ 9. Qxf3 Nf6 10. Be2 g6 11.
O-O Bg7 12. g4 O-O 13. g5 Nh5 14. Bxg7 Nxg7 15. f6 exf6 16. gxf6 Ne8 17. a3 bxa3 18. Nxa3 Bd7 19. c4 a6 20. Nc2 b5 21. c5 dxc5 22. e5 c4 23. Nd4 Qb6 24. Rad1 Rc8 25. Qe3 b4 26. Qh6 c3 27. Rf4 c2 28. Rc1 g5 29. Bd3 Nxf6 30. exf6 Bf5 31. Bxf5 1-0

[Event "*** Titled Tuesday Blitz"]
[Site "Chess.com"]
[Date "2021.03.30"]
[Round "11"]
[White "c_r_e_e_p_e_r"]
[Black "xberli"]
[Result "0-1"]
[WhiteElo "2365"]
[BlackElo "2492"]
[TimeControl "180+1"]
[EndTime "12:07:58 PDT"]
[Termination "xberli won by checkmate"]

1. d4 Nf6 2. c4 e5 3. dxe5 Ng4 4. Nf3 Nc6 5. Bf4 Bb4+ 6. Nc3 Bxc3+ 7. bxc3 Qe7 8. e3 Ngxe5 9. Be2 O-O 10. Nxe5 Nxe5 11. O-O d6 12. Bg3 Nd7 13. Rb1 Nc5 14. f3 Be6 15. e4 f5 16. exf5 Bxf5 17. Rc1 Kh8 18. Bf2 b6 19. Re1 Qf7 20. Bd4 Be6 21. Bf1 Bxc4 22.
Bxc4 Qxc4 23. Re7 Rf7 24. Rxf7 Qxf7 25. Qd2 Re8 26. Re1 Ne6 27. Qe2 c5 28. Bf2 Nc7 29. Qd2 Rxe1+ 30. Qxe1 Qe6 31. Qd2 Kg8 32. Bg3 Ne8 33.
h3 Kf7 34. Qf4+ Nf6 35. Qxd6 Qxd6 36. Bxd6 Ke6 37. Bb8 Kd5 38. Bxa7 Nd7 39. a4 Kc6 40. Kf2 Kb7 41. Bxb6 Kxb6 42. Ke3 Ka5 43. Ke4 Kxa4 44. Kd5 Kb3 45. c4 Kb4 46. Ke6 Kxc4 47. Kf7 Kd5 48. Kxg7 c4 49. f4 c3 50. f5 c2 51. g4 c1=Q 52. h4 Qf4 53. Kxh7 Qxg4 54. f6 Nxf6+ 55. Kh6 Ne8 56. Kh7 Qg7# 0-1

[Event "*** Titled Tuesday Blitz"]
[Site "Chess.com"]
[Date "2021.03.30"]
[Round "11"]
[White "nikitakhoroshev"]
[Black "arminmusovic"]
[Result "1-0"]
[WhiteElo "2684"]
[BlackElo "2578"]
[TimeControl "180+1"]
[EndTime "12:07:59 PDT"]
[Termination "nikitakhoroshev won by resignation"]

1. e4 c6 2. Nc3 d5 3. Nf3 dxe4 4.
Nxe4 Nf6 5. Nxf6+ exf6 6. Bc4 Be7 7. O-O O-O 8. h3 Re8 9. Re1 Nd7 10. d4 Nf8 11.
Bf4 Be6 12. Bb3 a5 13. Qd3 a4 14. Bxe6 fxe6 15. Re2 b5 16. c4 bxc4 17. Qxc4 Qd5 18.
Rc1 Ra5 19. Qxc6 Qxc6 20. Rxc6 Rb5 21. Ne1 Rd8 22. Be3 Rdb8 23. Nd3 Kf7 24. Rc4 Ra5 25. Rec2 Nd7 26. Rc8 Rab5 27. Rxb8 Rxb8 28. Kf1 Nb6 29.
Ke2 Nd5 30. Rc4 a3 31. bxa3 Bxa3 32. Kd2 g5 33. Ra4 Bd6 34. Ra7+ Kg6 35. Ra6 Rd8 36. a4 h5 37. a5 Kf5 38. Ra7 Rc8 39. a6 Bb4+ 40.
Ke2 Rc2+ 41. Kf1 Bd2 42. Bxd2 Rxd2 43. Ne1 Rxd4 44. Rb7 Ra4 45. a7 Ra2 46. Nd3 Ra1+ 47. Ke2 Nf4+ 48. Nxf4 gxf4 49. Rh7 h4 50. Kd3 e5 51.
Re7 e4+ 52. Kd4 Ra4+ 53. Kc5 Ra3 54. Kb6 Rb3+ 55. Kc7 e3 56. fxe3 Rc3+ 57. Kb8 Rb3+ 58. Rb7 Rxe3 59. Rb5+ Ke4 60. a8=Q+ Kd3 61. Qd5+ Ke2 62.
Rb2+ 1-0